 Dungeon Crawl Stone Soup version 0.21.1-1-g345015f (webtiles) character file.

659 LairdRich the Chopper (level 7, -13/61 HPs)
             Began as a Minotaur Berserker on June 10, 2018.
             Was a Priest of Trog.
             Killed by divine providence
             ... invoked by an orc priest
              (15 damage)
             ... on level 5 of the Dungeon.
             The game lasted 00:19:09 (3564 turns).

LairdRich the Chopper (Minotaur Berserker)          Turns: 3564, Time: 00:19:10

Health: -13/61     AC: 12    Str: 22    XL:     7   Next: 30%
Magic:  6/6        EV: 10    Int:  4    God:    Trog [***...]
Gold:   157        SH: 11    Dex: 11    Spells: 6/6 levels left

rFire    . . .     SeeInvis +   u - +2 war axe (elec)
rCold    . . .     Gourm    .   i - +1 shield
rNeg     . . .     Faith    .   o - +0 ring mail
rPois    .         Spirit   .   b - +2 hat
rElec    .         Reflect  .   (no cloak)
rCorr    .         Harm     .   (no gloves)
MR       .....                  (no boots)
Stlth    +.........             (no amulet)
HPRegen  0.20/turn              y - ring of see invisible
MPRegen  0.10/turn              f - +4 ring of protection

@: no status effects
A: retaliatory headbutt, horns 2
a: Berserk, Trog's Hand, Burn Spellbooks, Renounce Religion


You were on level 5 of the Dungeon.
You worshipped Trog.
Trog was most pleased with you.
You were not hungry.

You visited 1 branch of the dungeon, and saw 5 of its levels.
You also visited: Sewer.

You collected 157 gold pieces.

Inventory:

Hand Weapons
 a - a +1 hand axe
 e - a +0 hunting sling
 g - a +0 whip
 u - a +2 war axe of electrocution (weapon)
Missiles
 m - 18 sling bullets
Armour
 b - a +2 hat (worn)
 i - a +1 shield (worn)
 o - a +0 ring mail (worn)
Jewellery
 f - a +4 ring of protection (right hand)
 v - an uncursed ring of protection from magic
 y - a ring of see invisible (left hand)
Wands
 k - a wand of random effects (11)
Scrolls
 d - a scroll of fear
 n - 3 scrolls of remove curse
 q - 5 scrolls of identify
 t - 2 scrolls of teleportation
Potions
 h - 2 potions of heal wounds
 j - a potion of lignification {unknown}
 l - a potion of haste {unknown}
 p - 2 potions of curing {unknown}
 r - a potion of mutation {unknown}
 w - a potion of magic {unknown}
 x - a potion of agility {unknown}
 z - a potion of might {unknown}
 B - 3 potions of flight {unknown}
Comestibles
 c - 6 rations
 s - 4 chunks of flesh


   Skills:
 + Level 5.2 Fighting
 * Level 6.2 Axes
 + Level 4.4 Armour
 + Level 4.0 Dodging
 * Level 4.5 Shields


You had 6 spell levels left.
You didn't know any spells.

Dungeon Overview and Level Annotations

Branches:
Dungeon (5/15)
 Temple: D:4-7

Altars:
Cheibriados
Uskayaw


Innate Abilities, Weirdness & Mutations

You reflexively headbutt those who attack you in melee.
You have a pair of horns on your head.


Message History

Beogh smites you!
The orc priest invokes the aid of Beogh against you.
Beogh smites you!
* * * LOW HITPOINT WARNING * * *
The orc priest calls down the wrath of Beogh upon you.
Pain shoots through your body!
* * * LOW HITPOINT WARNING * * *
Okay, then.
You feel much better.
You see here an arrow.
You see here an arrow.
The orc priest invokes the aid of Beogh against you.
Beogh smites you!
* * * LOW HITPOINT WARNING * * *
The orc priest mumbles some strange prayers to Beogh against you.
Beogh smites you!
* * * LOW HITPOINT WARNING * * *
The orc priest invokes the aid of Beogh against you.
Beogh smites you!
You die...

. #### .. ....#########.
... #........... ....
#....)...# .....
########o(.)...##
......##.....ooo....#####
.......<@#########.## ..
.........# #######.##.#
.........# .......o...#
.......... .######o#####
###.....### #.O...#
#...... .......o).....
#...... #######.....##
#...... #....... #.....##


You could see an orc priest, 2 orc wizards and an orc.

Vanquished Creatures
  Grinder (D:3)
  A centaur (D:5)
  A big kobold (Sewer)
  A howler monkey (D:4)
  An orc priest (D:4)
  A worker ant (D:4)
  The ghost of Iko the Ducker, a weakling SpCK of Xom (D:5)
  A hound skeleton (D:3)
  7 adders
  A river rat (Sewer)
  An ooze (D:3)
  3 worms
  2 dart slugs
  5 leopard geckos
  10 orcs
  4 bats
  10 giant cockroaches
  4 goblins
  5 hobgoblins
  4 jackals
  2 ball pythons
  5 frilled lizards
  10 kobolds
  A quokka skeleton (D:4)
  11 rats
93 creatures vanquished.

Notes
Turn   | Place    | Note
-------+----------+-------------------------------------------
     0 | D:1      | LairdRich the Minotaur Berserker began the quest for the Orb.
     0 | D:1      | Reached XP level 1. HP: 19/19 MP: 0/0
   373 | D:1      | Reached XP level 2. HP: 27/27 MP: 1/1
   601 | D:1      | Reached skill level 4 in Axes
   841 | D:1      | Reached XP level 3. HP: 33/33 MP: 2/2
  1008 | D:2      | Reached skill level 1 in Shields
  1210 | D:2      | Reached ** piety under Trog
  1466 | D:2      | Reached XP level 4. HP: 40/40 MP: 3/3
  1820 | D:3      | Noticed Grinder
  1823 | D:3      | Paralysed by Grinder for 2 turns
  1857 | D:3      | Killed Grinder
  1857 | D:3      | Reached skill level 5 in Axes
  1857 | D:3      | Reached XP level 5. HP: 27/47 MP: 4/4
  1857 | D:3      | Reached XP level 6. HP: 31/53 MP: 5/5
  2787 | D:4      | Reached *** piety under Trog
  2960 | D:4      | Found a glowing drain.
  3002 | Sewer    | Entered a sewer
  3006 | Sewer    | Reached skill level 5 in Fighting
  3070 | Sewer    | Reached skill level 6 in Axes
  3070 | Sewer    | Reached XP level 7. HP: 56/61 MP: 6/6
  3095 | Sewer    | Found a white marble altar of Elyvilon.
  3320 | D:4      | Found a hide-covered altar of Uskayaw.
  3329 | D:4      | Found a snail-covered altar of Cheibriados.
  3504 | D:5      | Entered Level 5 of the Dungeon
  3519 | D:5      | Noticed Iko's ghost (weakling SpCK)
  3526 | D:5      | Killed Iko's ghost
  3561 | D:5      | HP: 2/61 [orc priest/divine providence (15)]
  3564 | D:5      | Killed from afar by an orc priest

Skill      XL: |  1  2  3  4  5  6  7 |
---------------+----------------------+-----
Axes           | 4 5 6 |  6.2
Fighting       | 4 5 |  5.2
Armour         | 3 4 |  4.4
Shields        | 1 3 4 |  4.5
Dodging        | 3 4 |  4.0

Action                   |  1- 3 |  4- 6 |  7- 9 || total
-------------------------+-------+-------+-------++-------
Melee: Hand axe          |    76 |   103 |       ||   179
       Headbutt          |    12 |    23 |     2 ||    37
       War axe           |       |    23 |    18 ||    41
 Fire: Hunting sling     |     1 |     3 |       ||     4
  Use: Scroll            |       |     9 |     1 ||    10
       Potion            |       |       |     1 ||     1
  Eat: Chunk             |     2 |     5 |     1 ||     8
       Ration            |       |       |     1 ||     1
Armor: Animal skin       |     8 |       |       ||     8
       Ring mail         |     7 |    33 |     4 ||    44
Dodge: Dodged            |    33 |    45 |     6 ||    84
Block: Shield            |    20 |    47 |    12 ||    79
